 Dungeon Crawl Stone Soup version 0.28.0 (webtiles) character file.

Game seed: 169169685154015965

98 Sanktem7 the Chopper (level 4, -4/41 HPs)
             Began as a Minotaur Fighter on Feb 12, 2022.
             Slain by Sigmund (5 damage)
             ... on level 2 of the Dungeon.
             The game lasted 00:02:55 (1300 turns).

Sanktem7 the Chopper (Minotaur Fighter)             Turns: 1300, Time: 00:02:56

Health: -4/41      AC: 10    Str: 22    XL:     4   Next: 43%
Magic:  3/3        EV:  7    Int:  5    God:
Gold:   123        SH:  4    Dex: 10    Spells: 3/3 levels left

rFire   . . .      SeeInvis .   a - +0 war axe
rCold   . . .      Faith    .   c - +0 buckler
rNeg    . . .      Spirit   .   i - +0 chain mail
rPois   .          Reflect  .   (helmet restricted)
rElec   .          Harm     .   (no cloak)
rCorr   .          Rampage  .   (no gloves)
Will    .....                   e - +0 pair of boots
Stlth   ..........              (no amulet)
HPRegen 0.13/turn               (no ring)
MPRegen 0.08/turn               (no ring)

@: no status effects
A: horns 2, retaliatory headbutt
a: no special abilities


You were on level 2 of the Dungeon.
You visited 1 branch of the dungeon, and saw 2 of its levels.

You collected 123 gold pieces.

Inventory:

Hand Weapons
 a - a +0 war axe (weapon)
Armour
 c - a +0 buckler (worn)
 e - a +0 pair of boots (worn)
 i - a +0 chain mail (worn)
Scrolls
 b - a scroll of magic mapping {unknown}
 g - a scroll of blinking {unknown}
 j - a scroll of summoning {unknown}
 k - a scroll of teleportation {unknown}
Potions
 d - a potion of might
 f - a potion of lignification {unknown}
 h - a potion of magic {unknown}


   Skills:
 * Level 4.3 Fighting
 * Level 4.5 Axes
 * Level 4.4 Armour
 - Level 3.6 Shields


You had 3 spell levels left.
You didn't know any spells.
Your spell library contained the following spells:

 Spells                   Type           Power      Damage    Failure   Level
 Portal Projectile        Hex/Tloc       0%         N/A       100%        3
 Blade Hands              Tmut           0%         N/A       100%        5
 Excruciating Wounds      Necr           0%         N/A       100%        5


Dungeon Overview and Level Annotations

Branches:
Dungeon (2/15)

Altars:

Annotations:
D:2 Sigmund


Innate Abilities, Weirdness & Mutations

You have a pair of horns on your head.
You reflexively headbutt those who attack you in melee.


Message History

You see here a hobgoblin corpse.
The bat barely misses you. Something hits you.
The bat hits you but does no damage.
You hear some strange, mumbled words.
A magic dart appears from out of thin air!
The magic dart hits you. The bat hits you but does no damage.
Something hits you! The bat hits you but does no damage.
You bump into the rock wall.
The bat hits you but does no damage.
You feel less confused.
You closely miss the bat. Your headbutt misses the bat.
The bat hits you but does no damage. Something hits you but does no damage.
You block the bat's attack.
You closely miss the bat. You headbutt the bat.
You kill the bat!
Something hits you!
* * * LOW HITPOINT WARNING * * *
You see here a bat corpse.
You barely miss something.
You hear some strange, mumbled words.
Something tries to affect you, but you resist.
You hear some strange, mumbled words.
A magic dart appears from out of thin air!
The magic dart hits you.
* * * LOW HITPOINT WARNING * * *
You miss something.
You hear some strange, mumbled words.
A puff of flame appears from out of thin air!
The puff of flame hits you.
* * * LOW HITPOINT WARNING * * *
You barely miss something. Something hits you but does no damage.
Unknown command.
You hit something. Your headbutt misses something.
Something hits you but does no damage.
You closely miss something. Something hits you.
* * * LOW HITPOINT WARNING * * *
You slash something! Something hits you.
* * * LOW HITPOINT WARNING * * *
You miss something. Your headbutt misses something. Something hits you.
You die...

##.#.#.##...###...........#
##.#.#.###...##............
.....#.##..................
#.#..#.#...#..###..........
#.#).......##.^............
..........## ####.........
#.....#...#######.........
#....#..........##........
.....#....#####.@{†.......
##.....(....# ####........
##..........# #........
##..........######........
..........................
............######........
.#..........# #........
............## #........
.............## ##.......


There were no monsters in sight!

Vanquished Creatures
  Jessica (D:2)
  A gnoll (D:1)
  2 adders (D:2)
  8 endoplasms
  2 goblins (D:1)
  7 hobgoblins
  A jackal (D:1)
  4 kobolds
  4 ball pythons
  7 bats
  4 frilled lizards
  3 rats
44 creatures vanquished.

Notes
Turn   | Place    | Note
-------+----------+-------------------------------------------
     0 | D:1      | Sanktem7 the Minotaur Fighter began the quest for the Orb.
     0 | D:1      | Reached XP level 1. HP: 19/19 MP: 0/0
   169 | D:1      | Reached XP level 2. HP: 27/27 MP: 1/1
   324 | D:1      | Reached XP level 3. HP: 33/33 MP: 2/2
   623 | D:1      | Found a faded altar of an unknown god.
   806 | D:2      | Noticed Jessica
   827 | D:2      | Killed Jessica
   828 | D:2      | Reached XP level 4. HP: 23/41 MP: 3/3
  1278 | D:2      | Noticed Sigmund
  1299 | D:2      | HP: 1/41 [something (4)]
  1300 | D:2      | Slain by Sigmund

Illustrated notes

Levels and vault maps discovered:
D:1:      wander_arrival_chamber, layout_basic, nicolae_ecumenical_lake_church,
          minmay_hexomino_f4
D:2:      layout_rooms, kennysheep_crisscross, uniq_sigmund, uniq_jessica

Skill      XL: |  1  2  3 |
---------------+----------+-----
Armour         | 4 |  4.4
Fighting       | 4 |  4.3
Axes           | 3 4 |  4.5
Shields        | |  3.6

Action                   |  1- 3 |  4- 6 || total
-------------------------+-------+-------++-------
Melee: War axe           |    63 |    40 ||   103
       Headbutt          |    13 |     6 ||    19
Armor: Scale mail        |    28 |       ||    28
       Chain mail        |     7 |    23 ||    30
Dodge: Dodged            |    31 |     7 ||    38
Block: Buckler           |    14 |    13 ||    27
